TOP OF THE 1ST |
Florida Gators batting - Pitching for Washington Huskies : RHP Dave Woods
|
Pitching: RHP Dave Woods
|
|
Batting: SHB Ethan Finley
|
0-0: Called Strike 0-1: Ground out U3 (Groundball, 34)
|
Batting: LHB Bob MacDonald
|
0-0: Ball 1-0: Ball 2-0: Swinging Strike 2-1: Foul Ball, location: 2F 2-2: Foul Ball, location: 2F 2-2: SOLO HOME RUN (Flyball, 7D), Distance : 343 ft
|
Batting: RHB Luis Morales
|
0-0: Foul Ball, location: 2F 0-1: Ground out 5-3 (Groundball, 56)
|
Batting: RHB Jon Newsome
|
0-0: Ball 1-0: Foul Ball, location: 2F 1-1: SINGLE (Line Drive, 7LS)
|
Batting: RHB Marshall Normore
|
0-0: Called Strike 0-1: Ball 1-1: Foul Ball, location: 2F 1-2: Ball 2-2: Ball 3-2: Foul Ball, location: 2F 3-2: Base on Balls Jon Newsome to second
|
Batting: LHB Bruce Shelton
|
0-0: Foul Ball, location: 2F 0-1: DOUBLE (Groundball, 3L) Jon Newsome scores Marshall Normore to third
|
Batting: RHB Nathan Sullivan
|
0-0: Ball 1-0: Ball 2-0: Foul Ball, location: 2F 2-1: Foul Ball, location: 2F 2-2: Strikes out swinging
|
Top of the 1st over - 2 run(s), 3 hit(s), 0 error(s), 2 left on base; Florida 2 - Washington 0 |
BOTTOM OF THE 1ST |
Washington Huskies batting - Pitching for Florida Gators : RHP Sonny Harris
|
Pitching: RHP Sonny Harris
|
|
Batting: RHB Jack Dean
|
0-0: Foul Ball, location: 2F 0-1: Ball 1-1: Ball 2-1: Ball 3-1: Foul Ball, location: 2F 3-2: Base on Balls
|
Batting: SHB José Ruíz
|
0-0: Called Strike 0-1: Ball 1-1: Called Strike 1-2: Ball 2-2: Grounds into double play, 4-6-3 (Groundball, 4)
|
Batting: RHB Tomás Fernández
|
0-0: SINGLE (Groundball, 56D)
|
Batting: RHB Jeff O'Toole
|
0-0: Ball 1-0: Ball 2-0: Foul Ball, location: 2F 2-1: Ball 3-1: Foul Ball, location: 2F 3-2: Base on Balls Tomás Fernández to second
|
Batting: RHB Ben Johnson
|
0-0: Foul Ball, location: 2F 0-1: Foul Ball, location: 2F 0-2: Ball 1-2: Fly out, F7 (Flyball, 7)
|
Bottom of the 1st over - 0 run(s), 1 hit(s), 0 error(s), 2 left on base; Florida 2 - Washington 0 |
TOP OF THE 2ND |
Florida Gators batting - Pitching for Washington Huskies : RHP Dave Woods
|
Batting: RHB Manny Gutiérrez
|
0-0: Ball 1-0: Called Strike 1-1: Ball 2-1: Swinging Strike 2-2: Strikes out looking
|
Batting: RHB Dorian Riddle
|
0-0: Ball 1-0: Ball 2-0: Foul Ball, location: 2F 2-1: Called Strike 2-2: Ball 3-2: SINGLE (Groundball, 34D)
|
Batting: SHB Ethan Finley
|
0-0: Called Strike 0-1: Called Strike 0-2: Strikes out swinging Dorian Riddle steals 2nd base Batter strikes out.
|
Batting: LHB Bob MacDonald
|
0-0: Ball 1-0: Ball 2-0: Ball 3-0: Called Strike 3-1: SINGLE (Groundball, 56D) Dorian Riddle to third Runner from 3rd tries for Home, SAFE, no throw
|
Batting: RHB Luis Morales
|
0-0: Foul Ball, location: 2F 0-1: Fly out, F8 (Flyball, 8LD)
|
Top of the 2nd over - 1 run(s), 2 hit(s), 0 error(s), 1 left on base; Florida 3 - Washington 0 |
BOTTOM OF THE 2ND |
Washington Huskies batting - Pitching for Florida Gators : RHP Sonny Harris
|
Batting: RHB Toby Hurley
|
0-0: Ball 1-0: Ball 2-0: Ball 3-0: Base on Balls
|
Batting: RHB Samuel Robbins
|
0-0: Swinging Strike 0-1: Swinging Strike 0-2: Ball 1-2: Strikes out swinging
|
Batting: RHB Erik Carbajal
|
0-0: Foul Ball, location: 2F 0-1: Swinging Strike 0-2: Ball 1-2: Strikes out swinging
|
Batting: RHB Jim Hooper
|
0-0: Ball 1-0: Called Strike 1-1: Called Strike 1-2: Ball 2-2: Ball 3-2: Foul Ball, location: 2F 3-2: Base on Balls Toby Hurley to second
|
Batting: RHB Jack Dean
|
0-0: Called Strike 0-1: Fly out, F8 (Flyball, 8RM)
|
Bottom of the 2nd over - 0 run(s), 0 hit(s), 0 error(s), 2 left on base; Florida 3 - Washington 0 |
TOP OF THE 3RD |
Florida Gators batting - Pitching for Washington Huskies : RHP Dave Woods
|
Batting: RHB Jon Newsome
|
0-0: Ball 1-0: Called Strike 1-1: Foul Ball, location: 2F 1-2: Ball 2-2: Fly out, F9 (Flyball, 9)
|
Batting: RHB Marshall Normore
|
0-0: Ball 1-0: Ball 2-0: Ball 3-0: Base on Balls
|
Batting: LHB Bruce Shelton
|
0-0: Ball 1-0: Ball 2-0: Ball 3-0: Base on Balls Marshall Normore to second
|
Batting: RHB Nathan Sullivan
|
0-0: Called Strike 0-1: Ball 1-1: SINGLE (Line Drive, 56) Marshall Normore to third Bruce Shelton to second
|
Batting: RHB Manny Gutiérrez
|
0-0: Ball 1-0: Foul Ball, location: 2F 1-1: Ball 2-1: SINGLE (Flyball, 8LS) Marshall Normore scores Bruce Shelton to third Nathan Sullivan to second Runner from 3rd tries for Home, throw and OUT! Nathan Sullivan to third Manny Gutiérrez to second
|
Batting: RHB Dorian Riddle
|
0-0: Foul Ball, location: 2F 0-1: Hit by Pitch
|
Batting: SHB Ethan Finley
|
0-0: Fielders Choice at 2nd, 6-4 (Groundball, 6)
|
Top of the 3rd over - 1 run(s), 2 hit(s), 0 error(s), 2 left on base; Florida 4 - Washington 0 |
BOTTOM OF THE 3RD |
Washington Huskies batting - Pitching for Florida Gators : RHP Sonny Harris
|
Batting: SHB José Ruíz
|
0-0: Called Strike 0-1: Ball 1-1: Ball 2-1: Foul Ball, location: 2F 2-2: Ball 3-2: Strikes out swinging
|
Batting: RHB Tomás Fernández
|
0-0: Ball 1-0: Ground out 6-3 (Groundball, 6S)
|
Batting: RHB Jeff O'Toole
|
0-0: Ball 1-0: Ball 2-0: Called Strike 2-1: Called Strike 2-2: Ball 3-2: Strikes out looking
|
Bottom of the 3rd over - 0 run(s), 0 hit(s), 0 error(s), 0 left on base; Florida 4 - Washington 0 |
TOP OF THE 4TH |
Florida Gators batting - Pitching for Washington Huskies : RHP Dave Woods
|
Batting: LHB Bob MacDonald
|
0-0: Called Strike 0-1: Foul Ball, location: 2F 0-2: Ball 1-2: Strikes out swinging
|
Batting: RHB Luis Morales
|
0-0: Foul Ball, location: 2F 0-1: Called Strike 0-2: Strikes out looking
|
Batting: RHB Jon Newsome
|
0-0: Called Strike 0-1: Ball 1-1: Called Strike 1-2: Fly out, F9 (Flyball, 89D)
|
Top of the 4th over - 0 run(s), 0 hit(s), 0 error(s), 0 left on base; Florida 4 - Washington 0 |
BOTTOM OF THE 4TH |
Washington Huskies batting - Pitching for Florida Gators : RHP Sonny Harris
|
Batting: RHB Ben Johnson
|
0-0: Ground out 4-3 (Groundball, 4)
|
Batting: RHB Toby Hurley
|
0-0: Ball 1-0: Called Strike 1-1: Foul Ball, location: 2F 1-2: Ball 2-2: Ball 3-2: Foul Ball, location: 2F 3-2: SINGLE (Groundball, 6MD)
|
Batting: RHB Samuel Robbins
|
0-0: Ball 1-0: Grounds into double play, 6-4-3 (Groundball, 6)
|
Bottom of the 4th over - 0 run(s), 1 hit(s), 0 error(s), 0 left on base; Florida 4 - Washington 0 |
TOP OF THE 5TH |
Florida Gators batting - Pitching for Washington Huskies : RHP Dave Woods
|
Pitching: RHP Christian Coleman
|
|
Batting: RHB Marshall Normore
|
0-0: Called Strike 0-1: Ball 1-1: Swinging Strike 1-2: Ground out 6-3 (Groundball, 56)
|
Batting: LHB Bruce Shelton
|
0-0: Ball 1-0: Foul Ball, location: 2F 1-1: Foul Ball, location: 2F 1-2: Strikes out swinging
|
Batting: RHB Nathan Sullivan
|
0-0: Ball 1-0: Called Strike 1-1: Swinging Strike 1-2: Strikes out swinging
|
Top of the 5th over - 0 run(s), 0 hit(s), 0 error(s), 0 left on base; Florida 4 - Washington 0 |
BOTTOM OF THE 5TH |
Washington Huskies batting - Pitching for Florida Gators : RHP Sonny Harris
|
Batting: RHB Erik Carbajal
|
0-0: Called Strike 0-1: Ball 1-1: Ball 2-1: Called Strike 2-2: Fly out, F4 (Line Drive, 4)
|
Batting: RHB Jim Hooper
|
0-0: Fly out, F7 (Flyball, 78M)
|
Batting: RHB Jack Dean
|
0-0: Foul Ball, location: 2F 0-1: Ball 1-1: Foul Ball, location: 2F 1-2: Ball 2-2: Foul Ball, location: 2F 2-2: Strikes out swinging
|
Bottom of the 5th over - 0 run(s), 0 hit(s), 0 error(s), 0 left on base; Florida 4 - Washington 0 |
TOP OF THE 6TH |
Florida Gators batting - Pitching for Washington Huskies : RHP Christian Coleman
|
Batting: RHB Manny Gutiérrez
|
0-0: Called Strike 0-1: Ball 1-1: Fly out, F3 (Popup, 3L)
|
Batting: RHB Dorian Riddle
|
0-0: Ball 1-0: Called Strike 1-1: Ball 2-1: SINGLE (Groundball, 56D)
|
Batting: SHB Ethan Finley
|
0-0: Called Strike 0-1: Foul Ball, location: 2F 0-2: Ball Dorian Riddle is caught stealing 2nd base 1-2: Foul Ball, location: 2F 1-2: Ball 2-2: Foul Ball, location: 2F 2-2: Foul Ball, location: 2F 2-2: Ground out U3 (Groundball, 34)
|
Top of the 6th over - 0 run(s), 1 hit(s), 0 error(s), 0 left on base; Florida 4 - Washington 0 |
BOTTOM OF THE 6TH |
Washington Huskies batting - Pitching for Florida Gators : RHP Sonny Harris
|
Batting: SHB José Ruíz
|
0-0: Swinging Strike 0-1: Ball 1-1: Ball 2-1: DOUBLE (Flyball, 89D)
|
Pitching: RHP Carl Hill
|
|
Batting: RHB Tomás Fernández
|
0-0: Called Strike 0-1: Called Strike 0-2: Ball 1-2: Ball 2-2: Strikes out looking
|
Batting: RHB Jeff O'Toole
|
0-0: Called Strike 0-1: SINGLE (Line Drive, 9LM) José Ruíz to third
|
Batting: RHB Ben Johnson
|
0-0: Called Strike 0-1: Called Strike 0-2: Ball 1-2: Ball 2-2: Grounds into double play, 4-6-3 (Groundball, 34)
|
Bottom of the 6th over - 0 run(s), 2 hit(s), 0 error(s), 1 left on base; Florida 4 - Washington 0 |
TOP OF THE 7TH |
Florida Gators batting - Pitching for Washington Huskies : RHP Christian Coleman
|
Batting: LHB Bob MacDonald
|
0-0: Foul Ball, location: 2F 0-1: Ball 1-1: Swinging Strike 1-2: Ball 2-2: Ball 3-2: Foul Ball, location: 2F 3-2: Base on Balls
|
Batting: RHB Luis Morales
|
0-0: Ball 1-0: Foul Ball, location: 2F 1-1: Ground out 6-3 (Groundball, 6S) Bob MacDonald to second
|
Batting: RHB Jon Newsome
|
0-0: Intentional Walk
|
Batting: RHB Marshall Normore
|
0-0: Fly out, F8 (Flyball, 8RD)
|
Batting: LHB Bruce Shelton
|
0-0: Called Strike 0-1: Ball 1-1: Ground out U3 (Groundball, 3)
|
Top of the 7th over - 0 run(s), 0 hit(s), 0 error(s), 2 left on base; Florida 4 - Washington 0 |
BOTTOM OF THE 7TH |
Washington Huskies batting - Pitching for Florida Gators : RHP Carl Hill
|
Batting: RHB Toby Hurley
|
0-0: Ball 1-0: Foul Ball, location: 2F 1-1: Ball 2-1: Called Strike 2-2: Strikes out looking
|
Batting: RHB Samuel Robbins
|
0-0: Fly out, F9 (Flyball, 9LM)
|
Batting: RHB Erik Carbajal
|
0-0: Called Strike 0-1: Called Strike 0-2: Fly out, F8 (Flyball, 8RM)
|
Bottom of the 7th over - 0 run(s), 0 hit(s), 0 error(s), 0 left on base; Florida 4 - Washington 0 |
TOP OF THE 8TH |
Florida Gators batting - Pitching for Washington Huskies : RHP Christian Coleman
|
Batting: RHB Nathan Sullivan
|
0-0: Ball 1-0: Foul Ball, location: 2F 1-1: Ball 2-1: Ball 3-1: Base on Balls
|
Batting: RHB Manny Gutiérrez
|
0-0: Called Strike 0-1: Ball 1-1: Foul Ball, location: 2F 1-2: Ground out 4-3 (Groundball, 34) Nathan Sullivan to second
|
Batting: RHB Dorian Riddle
|
0-0: Intentional Walk
|
Pitching: LHP Jason Smith
|
|
Batting: SHB Ethan Finley
|
0-0: Called Strike 0-1: Called Strike 0-2: Strikes out swinging
|
Batting: LHB Bob MacDonald
|
0-0: Ball 1-0: Foul Ball, location: 2F 1-1: Foul Ball, location: 2F 1-2: Foul Ball, location: 2F 1-2: Foul Ball, location: 2F 1-2: Fly out, F8 (Flyball, 8LM)
|
Top of the 8th over - 0 run(s), 0 hit(s), 0 error(s), 2 left on base; Florida 4 - Washington 0 |
BOTTOM OF THE 8TH |
Washington Huskies batting - Pitching for Florida Gators : RHP Carl Hill
|
Batting: RHB Jim Hooper
|
0-0: Foul Ball, location: 2F 0-1: Ball 1-1: Called Strike 1-2: Fly out, F8 (Flyball, 8LS)
|
Batting: RHB Jack Dean
|
0-0: Foul Ball, location: 2F 0-1: Fly out, F5 (Popup, 5S)
|
Batting: SHB José Ruíz
|
0-0: Ball 1-0: Ball 2-0: Ball 3-0: Called Strike 3-1: Called Strike 3-2: Ground out 4-3 (Groundball, 4)
|
Bottom of the 8th over - 0 run(s), 0 hit(s), 0 error(s), 0 left on base; Florida 4 - Washington 0 |
TOP OF THE 9TH |
Florida Gators batting - Pitching for Washington Huskies : LHP Jason Smith
|
Batting: RHB Luis Morales
|
0-0: Fly out, F3 (Flyball, 3DF)
|
Batting: RHB Jon Newsome
|
0-0: Called Strike 0-1: Swinging Strike 0-2: Ball 1-2: Fly out, F8 (Flyball, 8LM)
|
Batting: RHB Marshall Normore
|
0-0: Ball 1-0: Ball 2-0: Foul Ball, location: 2F 2-1: Ball 3-1: Base on Balls
|
Batting: LHB Bruce Shelton
|
0-0: Ball 1-0: Foul Ball, location: 2F 1-1: Fly out, F9 (Line Drive, 9)
|
Top of the 9th over - 0 run(s), 0 hit(s), 0 error(s), 1 left on base; Florida 4 - Washington 0 |
BOTTOM OF THE 9TH |
Washington Huskies batting - Pitching for Florida Gators : RHP Carl Hill
|
Batting: RHB Tomás Fernández
|
0-0: Ball 1-0: Foul Ball, location: 2F 1-1: Fly out, F4 (Popup, 34D)
|
Batting: RHB Jeff O'Toole
|
0-0: Called Strike 0-1: Foul Ball, location: 2F 0-2: SINGLE (Flyball, 89M)
|
Batting: RHB Ben Johnson
|
0-0: Called Strike 0-1: Fly out, F9 (Flyball, 89M)
|
Batting: RHB Toby Hurley
|
0-0: Swinging Strike 0-1: Ball 1-1: Ball 2-1: Foul Ball, location: 2F 2-2: Foul Ball, location: 2F 2-2: Foul Ball, location: 2F 2-2: Foul Ball, location: 2F 2-2: Ball 3-2: Base on Balls Jeff O'Toole to second
|
Pitching: RHP Albert McElroy
|
|
Batting: RHB Samuel Robbins
|
0-0: Called Strike 0-1: Called Strike 0-2: Fielders Choice at 2nd, 6-4 (Groundball, 6)
|
Bottom of the 9th over - 0 run(s), 1 hit(s), 0 error(s), 1 left on base; Florida 4 - Washington 0 |
|